 Dungeon Crawl Stone Soup version 0.29.0-4-gdea44cf6ec (webtiles) character file.

Game seed: 2516075900763680710

72 qw the Chopper (level 4, -3/30 (36) HPs)
             Began as a Barachi Chaos Knight on Sept 4, 2022.
             Slain by an iguana (7 damage)
             ... on level 3 of the Dungeon.
             The game lasted 00:00:49 (2140 turns).

qw the Chopper (Barachi Chaos Knight)               Turns: 2140, Time: 00:00:50

HP:   -3/30 (36)    AC:  4    Str: 21    XL:     4   Next: 25%
MP:   4/4           EV:  9    Int: 19    God:
Gold: 231           SH: 10    Dex: 13    Spells: 3/3 levels left

rFire   . . .      SeeInvis .   Y - +0 war axe
rCold   . . .      Faith    .   k - +2 kite shield
rNeg    . . .      Spirit   .   f - +0 ring mail
rPois   .          Reflect  .   j - +0 helmet
rElec   .          Harm     .   (no cloak)
rCorr   .          Rampage  .   (no gloves)
Will    .....      Rage     3%  (no boots)
Stlth   +.........              (no amulet)
HPRegen 0.10/turn               l - +6 ring of strength
MPRegen 0.09/turn               g - ring of Henotheism {Fly Int+6 Dex+2 Slay-4}

@: flying, heavily drained, slow
A: amphibious, slowness 1, strong legs 1, +LOS, berserk 1, deformed body,
deterioration 1, evolution 1, sturdy frame 1
a: Hop


You were on level 3 of the Dungeon.
You visited 1 branch of the dungeon, and saw 3 of its levels.

You collected 231 gold pieces.


Innate Abilities, Weirdness & Mutations

You are amphibious.
You cover ground slowly.
You can hop short distances.
You have an extended range of vision and can be seen from far away.
You sometimes lose your temper in combat.
Armour fits poorly on your strangely shaped body.
Your body sometimes deteriorates upon taking damage.
You have hidden genetic potential.
Your movements are slightly less encumbered by armour. (ER -2)


   Skills:
 - Level 3.6 Fighting
 - Level 4.5 Axes
 - Level 2.4 Armour
 - Level 1.1 Dodging
 + Level 2.6 Shields


You had 3 spell levels left.
You didn't know any spells.
Your spell library was empty.

Inventory:

Hand Weapons
 d - a +0 flail
 Y - a +0 war axe (weapon)
Armour
 a - a +0 chain mail
 f - a +0 ring mail (worn)
 j - a +0 helmet (worn)
 k - a +2 kite shield (worn)
Jewellery
 g - the ring of Henotheism (right hand) {Fly Int+6 Dex+2 Slay-4}
   (Xom gifted it to you on level 2 of the Dungeon)

   [ring of intelligence]

   Int:       It affects your intelligence (+6).
   Dex:       It affects your dexterity (+2).
   Slay:      It affects your accuracy & damage with ranged weapons and melee
   (-4).
   Fly:       It grants you flight.
 l - a +6 ring of strength (left hand)
Scrolls
 m - a scroll of identify
Potions
 b - a potion of heal wounds {unknown}
 e - a potion of resistance
 h - a potion of lignification {unknown}
Miscellaneous
 c - a piece from Xom's chessboard (15/15)

Dungeon Overview and Level Annotations

Branches:
Dungeon (3/15)

Altars:


Message History

2085 ||| Stepping ~*~*~tactically~*~*~ (stealth).
The ball python hisses angrily.
You barely miss the ball python.
The ball python bites you but does no damage.
The ball python barely misses you.
You hit the ball python but do no damage.
The ball python bites you but does no damage.
You block the ball python's attack. The ball python closely misses you.
The ball python grabs you. The ball python constricts you.
You completely miss the ball python. You block the ball python's attack.
The ball python constricts you. You block the ball python's attack.
The ball python constricts you.
You slash the ball python!
You kill the ball python!
You start resting.
HP restored.
An iguana comes into view.
You closely miss the iguana. The iguana bites you!
You hit the iguana.
The iguana is moderately wounded.
The iguana bites you.
You barely miss the iguana.
The iguana is moderately wounded.
You block the iguana's attack. x2
You hit the iguana.
The iguana is moderately wounded.
The iguana closely misses you.
You hit the iguana.
The iguana is heavily wounded.
You block the iguana's attack.
The iguana hisses menacingly.
You block the iguana's attack.
You closely miss the iguana.
The iguana is heavily wounded.
The iguana bites you!
You hit the iguana.
The iguana is severely wounded.
The iguana bites you! x2
You die...

... ##. #... #.. #....#
... ...... ..###
#....#####[...##
#.....#....#...
###............#
.....#.#.l..##..#
#####....@...[.... #
..##.........#######.
......###.....#
#.#.#......#..#
#..#l#...###.##..##
##.#.... #%##...##
##.l.... #.##...%#
#......>## #.##....#
.........###.##....#######


You could see an iguana.

Vanquished Creatures
  Terence (D:2)
  An adder (D:3)
  A dart slug (D:1)
  2 endoplasms
  2 giant cockroaches
  A goblin (D:1)
  2 hobgoblins
  9 jackals
  2 ball pythons
  6 bats
  A frilled lizard (D:2)
  A kobold (D:1)
  4 rats
33 creatures vanquished.

Vanquished Creatures (collateral kills)
  A goblin (D:1)
1 creature vanquished.

Grand Total: 34 creatures vanquished

Notes
Turn   | Place    | Note
-------+----------+-------------------------------------------
     0 | D:1      | qw the Barachi Chaos Knight began the quest for the Orb.
     0 | D:1      | Reached XP level 1. HP: 18/18 MP: 1/1
     0 | D:1      | 0 ||| qw: Version: 0.1-a-103-gd6f5d3a
     0 | D:1      | 0 ||| qw: Game counter: 5642
     0 | D:1      | 0 ||| qw: Always use a shield: true
     0 | D:1      | 0 ||| qw: God list: Okawaru
     0 | D:1      | 0 ||| qw: Allow faded altars: false
     0 | D:1      | 0 ||| qw: Do Orc after D:15 true
     0 | D:1      | 0 ||| qw: Do second Lair branch before Depths: true
     0 | D:1      | 0 ||| qw: Lair rune preference: random
     0 | D:1      | 0 ||| qw: Plans: Normal
     0 | D:1      | 0 ||| PLANNING D:1-11
     0 | D:1      | Fell from the grace of Xom
   166 | D:1      | 166 ||| Stepping ~*~*~tactically~*~*~ (stealth).
   168 | D:1      | 168 ||| Stepping ~*~*~tactically~*~*~ (stealth).
   169 | D:1      | 169 ||| Stepping ~*~*~tactically~*~*~ (stealth).
   218 | D:1      | 218 ||| Stepping ~*~*~tactically~*~*~ (stealth).
   219 | D:1      | 219 ||| Stepping ~*~*~tactically~*~*~ (stealth).
   226 | D:1      | Reached XP level 2. HP: 24/24 MP: 2/2
   227 | D:1      | 227 ||| Stepping ~*~*~tactically~*~*~ (stealth).
   232 | D:1      | Reached skill level 4 in Axes
   261 | D:1      | 261 ||| Stepping ~*~*~tactically~*~*~ (stealth).
   278 | D:1      | 278 ||| Stepping ~*~*~tactically~*~*~ (hiding).
   359 | D:1      | 359 ||| Stepping ~*~*~tactically~*~*~ (stealth).
   503 | D:1      | 503 ||| Stepping ~*~*~tactically~*~*~ (stealth).
   504 | D:1      | 504 ||| Stepping ~*~*~tactically~*~*~ (stealth).
   510 | D:1      | Reached XP level 3. HP: 26/29 MP: 3/3
   842 | D:1      | 842 ||| SWAPPING to +0 war axe.
   843 | D:1      | 843 ||| DROPPING +0 hand axe of chaos.
   844 | D:1      | 844 ||| UPGRADING to +0 helmet.
   849 | D:1      | 849 ||| UPGRADING to +2 kite shield.
   854 | D:1      | 854 ||| UPGRADING to +6 ring of strength.
   855 | D:1      | 855 ||| READING 2 scrolls labelled UNUPTU MAYNIB.
   856 | D:1      | 856 ||| READING scroll labelled FUITAW PICZAE.
   857 | D:1      | 857 ||| READING scroll labelled DOCRYWNEYVAX.
   860 | D:1      | 860 ||| READING scroll labelled QUSCHA FOJIE.
   963 | D:2      | Found a faded altar of an unknown god.
  1011 | D:2      | XOM: scenery: 1 doors close
  1246 | D:2      | XOM: give mutation
  1246 | D:2      | Gained mutation: You have hidden genetic potential. [Xom's
                  | mischief]
  1310 | D:2      | Noticed Terence
  1322 | D:2      | Killed Terence
  1391 | D:2      | XOM: give mutations
  1391 | D:2      | Gained mutation: Armour fits poorly on your strangely
                  | shaped body. [Xom's mischief]
  1391 | D:2      | Gained mutation: You sometimes lose your temper in combat.
                  | [Xom's mischief]
  1391 | D:2      | Gained mutation: Your body sometimes deteriorates upon
                  | taking damage. [Xom's mischief]
  1518 | D:2      | 1518 ||| DROPPING +0 mace.
  1579 | D:2      | XOM: god gift: twitching jade ring {god gift}
  1579 | D:2      | Identified the ring of Henotheism {Fly Int+6 Dex+2 Slay-4}
                  | (Xom gifted it to you on level 2 of the Dungeon)
  1782 | D:2      | 1782 ||| UPGRADING to +0 ring mail.
  1792 | D:2      | 1792 ||| DROPPING +2 leather armour.
  1793 | D:2      | 1793 ||| UPGRADING to ring of Henotheism {Fly Int+6 Dex+2
                  | Slay-4}.
  1794 | D:2      | 1794 ||| READING 3 scrolls labelled EDDAUFOAFA.
  1795 | D:2      | 1795 ||| READING 2 scrolls of identify.
  1795 | D:2      | 1795 ||| IDENTIFYING bubbling black potion
  1796 | D:2      | 1796 ||| DROPPING 2 scrolls of blinking.
  1842 | D:3      | 1842 ||| Stepping ~*~*~tactically~*~*~ (stealth).
  1847 | D:3      | Reached XP level 4. HP: 36/36 MP: 4/4
  1853 | D:3      | Gained mutation: Your movements are slightly less
                  | encumbered by armour. (ER -2) [hidden potential]
  1956 | D:3      | 1956 ||| Stepping ~*~*~tactically~*~*~ (stealth).
  1957 | D:3      | 1957 ||| Stepping ~*~*~tactically~*~*~ (stealth).
  1984 | D:3      | 1984 ||| Stepping ~*~*~tactically~*~*~ (stealth).
  1985 | D:3      | 1985 ||| Stepping ~*~*~tactically~*~*~ (stealth).
  1986 | D:3      | 1986 ||| Stepping ~*~*~tactically~*~*~ (stealth).
  2027 | D:3      | 2027 ||| Stepping ~*~*~tactically~*~*~ (stealth).
  2029 | D:3      | 2029 ||| Stepping ~*~*~tactically~*~*~ (stealth).
  2044 | D:3      | 2044 ||| Stepping ~*~*~tactically~*~*~ (stealth).
  2064 | D:3      | XOM: draining
  2085 | D:3      | 2085 ||| Stepping ~*~*~tactically~*~*~ (stealth).
  2140 | D:3      | HP: 4/30 [iguana (8)]
  2140 | D:3      | Slain by an iguana

Levels and vault maps discovered:
D:1:      saegor_arrival_simple_a, layout_loops_ring
D:2:      layout_loops_corners, hellmonk_ecumenical_altar_blasted, uniq_terence
D:3:      layout_rooms, trog_wizard, uniq_crazy_yiuf_cottage

Skill      XL: |  1  2  3 |
---------------+----------+-----
Axes           | 4 |  4.5
Shields        | 2 |  2.6
Fighting       | |  3.6
Armour         | |  2.4
Dodging        | |  1.1

Action                   |  1- 3 |  4- 6 || total
-------------------------+-------+-------++-------
Melee: Hand axe          |    54 |       ||    54
       War axe           |    21 |    19 ||    40
Invok: Renounce Religion |     1 |       ||     1
  Use: Scroll            |     6 |       ||     6
Armor: Leather armour    |    40 |       ||    40
       Ring mail         |     1 |     5 ||     6
Dodge: Dodged            |    54 |     3 ||    57
Block: Kite shield       |     5 |    11 ||    16

Table legend:
 A = Non-vault XP
 B = Vault XP
 C = Vault XP percentage of total XP
 D = Non-vault monster count
 E = Vault monster count
 F = Vault count percentage of total count
                 A         B        C        D         E       F
            +---------+---------+-------+---------+---------+-------
      Total |      67 |      36 |  35.0 |      33 |       1 |   2.9
            +---------+---------+-------+---------+---------+-------
        D:1 |      37 |       0 |   0.0 |      21 |       0 |   0.0
        D:2 |       7 |      36 |  83.7 |       5 |       1 |  16.7
        D:3 |      23 |       0 |   0.0 |       7 |       0 |   0.0
            +---------+---------+-------+---------+---------+-------
